 Dungeon Crawl Stone Soup version 0.20-a0-350-ga83eecc (webtiles) character file.

35 RumaTero the Ruffian (level 3, 0/29 HPs)
             Began as a Draconian Transmuter on Dec 24, 2016.
             Slain by a hobgoblin
             ... wielding a +0 club
             ... led by Robin
              (6 damage)
             ... on level 2 of the Dungeon.
             The game lasted 00:02:28 (1056 turns).

RumaTero the Ruffian (Draconian Transmuter)         Turns: 1056, Time: 00:02:29

Health: 0/29       AC:  5    Str: 12    XL:     3   Next: 16%
Magic:  4/6        EV: 12    Int: 14    God:
Gold:   32         SH:  0    Dex: 11    Spells: 3/6 levels left

rFire  . . .     SeeInvis .       - Unarmed
rCold  . . .     Gourm    .     (armour unavailable)
rNeg   . . .     Faith    .     (no shield)
rPois  .         Spirit   .     (helmet restricted)
rElec  .         Reflect  .     (no cloak)
rCorr  .         Harm     .     (no gloves)
MR     .....                    (no boots)
Stlth  +.........               (no amulet)
                                (no ring)
                                (no ring)

@: no status effects
A: unfitting armour, cold-blooded, AC +5
a: no special abilities


You were on level 2 of the Dungeon.
You were not hungry.

You visited 1 branch of the dungeon, and saw 2 of its levels.

You collected 32 gold pieces.

Inventory:

Missiles
 a - 29 arrows
 e - a throwing net (quivered)
Jewellery
 i - an uncursed ring of poison resistance {unknown}
 m - an uncursed amulet of rage {unknown}
Scrolls
 d - 3 scrolls of identify {unknown}
 g - 2 scrolls of fear {unknown}
 h - a scroll of teleportation {unknown}
 j - a scroll of fog {unknown}
Potions
 f - 2 potions of curing {unknown}
 k - a potion of brilliance {unknown}
 l - a potion of mutation {unknown}
Books
 b - a book of Changes

   Spells                             Type                      Level
   a - Beastly Appendage              Transmutation                1
   b - Sticks to Snakes               Transmutation                2
   c - Spider Form                    Transmutation/Poison         3
   d - Ice Form                       Ice/Transmutation            4
   e - Blade Hands                    Transmutation                5
Comestibles
 c - a bread ration
 n - 8 chunks of flesh


   Skills:
 + Level 2.1 Fighting
 - Level 1.7 Dodging
 * Level 3.6 Unarmed Combat
 - Level 2.0 Spellcasting
 + Level 2.4 Transmutations


You had 3 spell levels left.
You knew the following spells:

 Your Spells              Type           Power        Failure   Level  Hunger
a - Beastly Appendage     Tmut           #.....       12%         1    ##.....
b - Sticks to Snakes      Tmut           #.......     17%         2    ###....


Dungeon Overview and Level Annotations

Branches:
Dungeon (2/15)

Altars:
Nemelex Xobeh

Annotations:
D:2 Robin


Innate Abilities, Weirdness & Mutations

Your plain brown scales are hard. (AC +5)
You cannot fit into any form of body armour.
You are cold-blooded and may be slowed by cold attacks.


Message History

The goblin closely misses you.
You hit the hobgoblin.
You kill the hobgoblin!
The goblin closely misses you.
Things that are here:
a club; a hobgoblin corpse You hit the goblin.
You claw the goblin.
You kill the goblin!
Robin throws the goblin at you! The goblin barely misses you.
You closely miss the hobgoblin. You claw the hobgoblin.
The hobgoblin is heavily wounded.
The goblin barely misses you. The hobgoblin barely misses you.
You closely miss the goblin. The goblin hits you but does no damage.
You hit the goblin but do no damage.
Your talons disappear.
The hobgoblin hits you with a club.
* * * LOW HITPOINT WARNING * * *
The goblin barely misses you.
You hit the goblin but do no damage. The hobgoblin hits you with a club.
You die...

# .# ##.# ...# ...# ...#
...###################.#
..............gg@g.....#
#######...)...)#######.#
...............####
....g.....†<...'..#
....#.#........##.#
......#........+..#
...............####
.........#######
.........#


You could see Robin, a hobgoblin and a goblin.

Vanquished Creatures
  3 dart slugs (D:1)
  10 goblins
  4 hobgoblins
  4 bats (D:1)
  A frilled lizard (D:1)
  A kobold (D:2)
  4 rats (D:1)
27 creatures vanquished.

Notes
Turn   | Place    | Note
-------+----------+-------------------------------------------
     0 | D:1      | RumaTero the Draconian Transmuter began the quest for the Orb.
     0 | D:1      | Reached XP level 1. HP: 16/16 MP: 3/3
   193 | D:1      | Reached XP level 2. HP: 19/23 MP: 5/5
   382 | D:1      | Found a sparkling altar of Nemelex Xobeh.
   403 | D:1      | Found a sparkling altar of Nemelex Xobeh.
   884 | D:2      | Learned a level 2 spell: Sticks to Snakes
   979 | D:2      | Noticed Robin
   986 | D:2      | Reached XP level 3. HP: 26/29 MP: 6/6
  1056 | D:2      | Slain by a hobgoblin

Vault maps used:
D:1:      noname_arrival_rooms_in_the_neighbourhood, kennysheep_flooded_box,
          minmay_misc_feat_rows, nemelex_diamond_rough_becter
D:2:      first_bread, uniq_crazy_yiuf_cottage, uniq_robin

Skill      XL: |  1  2  3 |
---------------+----------+-----
Fighting       | 2 |  2.1
Dodging        | |  1.7
Unarmed Combat | |  3.6
Spellcasting   | |  2.0
Transmutations | |  2.4

Action                   || total
-------------------------++-------
Melee: Unarmed           ||    87
       Tailslap          ||     8
       Kick              ||     5
 Cast: Beastly Appendage ||     3
       Sticks to Snakes  ||     1
  Eat: Chunk             ||     1
Armor: Skin              ||    22
Dodge: Dodged            ||    51
